 Dungeon Crawl Stone Soup version 0.30-a0-591-g3c58d2bc28 (webtiles) character file.

Game seed: 1891825050446113565

194163 Newt the Basher (level 17, -27/152 HPs)
             Began as a Demonspawn Gladiator on Jan 5, 2023.
             Was the Champion of Qazlal.
             Annihilated by a rockslime (28 damage)
             ... on level 5 of the Pits of Slime.
             The game lasted 00:46:35 (25099 turns).

Newt the Basher (Demonspawn Gladiator)             Turns: 25099, Time: 00:46:35

Health: -27/152    AC: 18    Str: 22    XL:     17   Next: 66%
Magic:  29/42      EV: 13    Int: 10    God:    Qazlal [******]
Gold:   1223       SH:  0    Dex: 18    Spells: 26/40 levels left

rFire   + + .      SeeInvis .    C - +4 dire flail (spect)
rCold   x . .      Faith    .    (shield currently unavailable)
rNeg    + + .      Spirit   .    b - +4 fire dragon scales
rPois   .          Reflect  .    (no helmet)
rElec   .          Harm     .    (cloak unavailable)
rCorr   +          Rampage  .    O - +2 pair of gloves {Str+3}
Will    ++...                    z - +0 pair of boots Stlth
                                 s - amulet of regeneration
HPRegen 1.25/turn                K - ring of the Philosopher {rN++ rCorr MP+9 Dex-2}
MPRegen 0.28/turn                u - ring of willpower

@: confused, engulfed (cannot breathe), protected from physical damage,
corroded, studying Long Blades, repel missiles
A: slimy green scales 2, icemail 1, augmentation 2, condensation shield, demonic
magic 2, weakness stinger 3, agile 1, sense surroundings 1, robust 1
}: 1/15 runes: decaying
a: Renounce Religion, Upheaval, Elemental Force, Disaster Area


You were on level 5 of the Pits of Slime.
You worshipped Qazlal.
Qazlal was exalted by your worship.
You visited 5 branches of the dungeon, and saw 27 of its levels.
You also visited: Sewer.

You collected 2523 gold pieces.
You spent 1300 gold pieces at shops.

Inventory:

Hand Weapons
 C - a +4 spectral dire flail (weapon)
 J - a +0 quarterstaff
 L - a +6 morningstar of freezing
Missiles
 d - a throwing net
 e - a javelin
 w - 31 poisoned darts
 y - 13 curare-tipped darts
 Z - 6 silver javelins
Armour
 b - +4 fire dragon scales (worn)
 r - +0 swamp dragon scales
 x - a +0 tower shield
 z - a +0 pair of boots (worn)
 O - a +2 pair of gloves of strength (worn)
Jewellery
 f - an amulet of the acrobat
 h - a ring of see invisible
 p - the ring "Coess" {rElec rC+ AC+4 Str+2}
   (You bought it in a shop on level 2 of the Orcish Mines)

   [ring of protection]

   AC:        It affects your AC (+4).
   Str:       It affects your strength (+2).
   rC:        It protects you from cold.
   rElec:     It insulates you from electricity.
 s - an amulet of regeneration (around neck)
 u - a ring of willpower (right hand)
 v - a ring of wizardry
 K - the ring of the Philosopher (left hand) {rN++ rCorr MP+9 Dex-2}
   (You bought it in a shop on level 2 of the Orcish Mines)

   [ring of magical power]

   Dex:       It affects your dexterity (-2).
   rN:        It greatly protects you from negative energy.
   MP:        It affects your magic capacity (+9).
   rCorr:     It protects you from acid and corrosion.
Wands
 g - a wand of mindburst (8)
 n - a wand of quicksilver (14)
 G - a wand of charming (10)
 M - a wand of flame (57)
 R - a wand of iceblast (13)
 Y - a wand of polymorph (12)
Scrolls
 c - 4 scrolls of identify
 i - 5 scrolls of teleportation
 k - 3 scrolls of enchant weapon
 l - a scroll of blinking
 m - 6 scrolls of magic mapping
 B - a scroll of enchant armour
 H - 4 scrolls of poison
 I - a scroll of fear
 V - 3 scrolls of brand weapon
Potions
 a - a potion of cancellation
 j - 3 potions of brilliance
 o - 7 potions of curing
 q - 4 potions of might
 t - 2 potions of resistance
 A - 2 potions of haste
 D - 2 potions of invisibility
 E - 2 potions of magic
 F - 10 potions of flight
 N - 6 potions of lignification
 X - 4 potions of berserk rage
Miscellaneous
 P - a tin of tremorstones (1/2)
 T - a condenser vane
 U - a phantom mirror (inert)


   Skills:
 - Level 14.0 Fighting
 - Level 4.0 Short Blades
 - Level 14.0 Maces & Flails
 - Level 4.0 Throwing
 - Level 10.0 Armour
 - Level 6.0 Dodging
 - Level 2.0 Stealth
 - Level 12.0 Spellcasting
 - Level 6.0 Hexes
 + Level 2.5 Translocations
 - Level 7.0 Ice Magic
 - Level 12.0 Invocations
 - Level 12.0 Evocations


You had 26 spell levels left.
You knew the following spells:

 Your Spells              Type           Power      Damage    Failure   Level
a - Ozocubu's Armour      Ice            20%        N/A       4%          3
b - Ensorcelled Hibernat  Hex/Ice        38%        N/A       3%          2
c - Frozen Ramparts       Ice            40%        1d7       4%          3
d - Cause Fear            Hex            9%         N/A       24%         4
e - Blink                 Tloc           22%        N/A       16%         2

Your spell library contained the following spells:

 Spells                   Type           Power      Damage    Failure   Level
 Apportation              Tloc           22%        N/A       11%         1
 Portal Projectile        Hex/Tloc       28%        N/A       16%         3
 Magic Dart               Conj           24%        1d4       28%         1
 Gell's Gravitas          Tloc           11%        N/A       30%         3
 Lesser Beckoning         Tloc           22%        N/A       30%         3
 Teleport Other           Tloc           11%        N/A       30%         3
 Call Imp                 Summ           6%         N/A       41%         2
 Passwall                 Tmut/Erth      5%         N/A       41%         2
 Kindle Blastsparks       Fire/Tloc/Air  14%        2d11      52%         3
 Summon Ice Beast         Ice/Summ       13%        N/A       56%         4
 Leda's Liquefaction      Hex/Erth       6%         N/A       63%         4
 Call Canine Familiar     Summ           6%         N/A       65%         3
 Ignite Poison            Fire/Tmut/Pois 6%         N/A       65%         3
 Mephitic Cloud           Conj/Pois/Air  6%         N/A       65%         3
 Swiftness                Air            6%         N/A       65%         3
 Manifold Assault         Tloc           11%        N/A       71%         4
 Passage of Golubria      Tloc           11%        N/A       71%         4
 Silence                  Hex/Air        6%         N/A       93%         5
 Summon Mana Viper        Hex/Summ       12%        N/A       93%         5
 Airstrike                Air            3%         2d(1-17)  96%         4
 Summon Lightning Spire   Summ/Air       6%         N/A       96%         4
 Freezing Cloud           Conj/Ice/Air   5%         6-21      97%         5
 Alistair's Intoxication  Tmut/Pois      4%         N/A       100%        5
 Fireball                 Conj/Fire      3%         3d4       100%        5
 Iskenderun's Battlesphe  Conj           6%         2d6       100%        5
 Lee's Rapid Deconstruct  Erth           3%         3d5*      100%        5
 Lightning Bolt           Conj/Air       3%         1d14      100%        5
 Conjure Ball Lightning   Conj/Air       3%         3x3d6     100%        6
 Statue Form              Tmut/Erth      4%         N/A       100%        6
 Dragon Form              Tmut           3%         N/A       100%        7
 Monstrous Menagerie      Summ           3%         N/A       100%        7
 Ozocubu's Refrigeration  Ice            10%        4d9       100%        7
 Storm Form               Tmut/Air       3%         N/A       100%        7
 Lehudib's Crystal Spear  Conj/Erth      3%         10d2      100%        8
 Dragon's Call            Summ           3%         N/A       100%        9


Dungeon Overview and Level Annotations

Branches:
Dungeon (11/15)            Temple (0/1) D:6            Lair (5/5) D:8
  Swamp (4/4) Lair:2       Spider (0/4) Lair:2        Slime (5/5) Lair:4
    Orc (2/2) D:11            Elf (0/3) Orc:2         Sewer (visited)

Altars:
Cheibriados
Hepliaklqana
Nemelex Xobeh
Qazlal
Ru
Sif Muna
Trog
Vehumet
Yredelemnul
Jiyva

Shops:
D:2 (   Orc:2 [*(=


Innate Abilities, Weirdness & Mutations

You are mostly covered in slimy green scales. (AC +3)
A meltable icy envelope protects you from harm. (AC +4)
Your magical and physical power is enhanced at high health.
A meltable shield of frost defends you. (SH +4)
Spells you cast may paralyse nearby enemies.
You have a sharp stinger which inflicts weakening toxins.
You are agile. (Dex +4, Str/Int -1)
You passively map a small area around you.
You are robust. (+10% HP)


Message History

The quicksilver ooze completely misses you.
The quicksilver ooze is engulfed in blazing flames.
The quicksilver ooze closely misses you. x2
The rockslime hits you!
* * * LOW HITPOINT WARNING * * *
You feel protected from physical attacks.
You hold your ground!
The golden eye blinks at you. You resist with almost no effort.
The acid blob spits acid at you. The splash of acid misses you.
The splash of acid hits the rockslime.
The acid corrodes the rockslime!
The acid blob hits you but does no damage.
The slime creature hits you but does no damage.
The quicksilver ooze hits you.
* * * LOW HITPOINT WARNING * * *
The quicksilver ooze hits you.
* * * LOW HITPOINT WARNING * * *
You feel your power leaking away.
The quicksilver ooze is engulfed in blazing flames.
You kill the quicksilver ooze!
Qazlal accepts your kill.
You gasp with relief as air once again reaches your lungs.
You feel much better.
You are splashed with acid.
* * * LOW HITPOINT WARNING * * *
Your rockslime barely misses the acid blob.
The rockslime hits you!!
* * * LOW HITPOINT WARNING * * *
You feel more protected from physical attacks.
You hold your ground!
The golden eye blinks at you. You resist with almost no effort.
The acid blob hits you but does no damage.
The acid blob misses you. The quicksilver ooze hits you.
The quicksilver ooze engulfs you! The quicksilver ooze barely misses you.
A splash of acid appears from out of your range of vision.
The splash of acid hits your rockslime but does no damage.
Your rockslime hits the rockslime!!
The rockslime holds its ground!
The rockslime hits you!!
You die...

.........
................
................
........ ....... *
......., .......,
, ....... * *
.....GJ####
......JJ#.### * ,
.....§J@J.#.##*,*
,
.....§GJJ....#...
......○.J<.......,
*
,.......§.........
,
.................
*
.................
, *
.................
.................
................ *


You could see 4 acid blobs, a slime creature, a rockslime (corroded, ally
target), a shining eye, a quicksilver ooze, a golden eye and a friendly
rockslime (summoned, corroded, drained).

Vanquished Creatures
  Bai Suzhen (Swamp:4)
  2 tentacled monstrosities (Swamp:4)
  Mlioglotl (Swamp:4)
  11 acid blobs
  A thorn hunter (Swamp:3)
  Roxanne (Swamp:3)
  4 azure jellies
  4 rockslimes
  2 fenstrider witches (Swamp:3)
  Louise (Swamp:3)
  An orc warlord (Orc:2)
  2 ghouls (Swamp:3)
  4 quicksilver oozes
  A very ugly thing (Swamp:4)
  3 bunyips
  7 eleionomae
  The ghost of spardeous the Spry, a journeyman FeEE of Gozag (Lair:5)
  2 fire dragons
  2 green deaths (Swamp:4)
  2 great orbs of eyes (Slime:1)
  23 hydras
  2 catoblepae
  A centaur warrior (D:10)
  A death knight (D:10)
  2 ghost crabs
  An ogre mage (D:10)
  A two-headed ogre (D:11)
  3 boulder beetles
  5 alligators
  3 death yaks (D:7)
  4 orc high priests (Orc:2)
  2 thrashing horrors (Swamp:4)
  A spriggan berserker (Swamp:3)
  4 goliath frogs (Swamp:3)
  5 spriggan druids
  7 bog bodies
  2 lindwurms (Lair:5)
  An orb spider (Lair:2)
  4 orc knights (Orc:2)
  20 swamp dragons
  3 cyclopes
  2 orc sorcerers (Orc:2)
  A moth of wrath (Lair:5)
  A deep elf pyromancer (D:10)
  4 ugly things (Swamp:4)
  2 manticores
  2 shining eyes
  8 will-o-the-wisps
  2 black mambas
  17 elephants
  3 molten gargoyles (Lair:5)
  9 cane toads
  2 eyes of devastation (Slime:2)
  3 orange demons (Swamp:4)
  A gargoyle (D:11)
  12 rime drakes
  12 komodo dragons
  7 trolls
  A polar bear (Lair:3)
  Grinder (D:5)
  2 bloated husks (Swamp:3)
  4 tyrant leeches
  11 hornets
  5 dream sheep (Lair:4)
  8 blink frogs
  13 spriggans
  56 slime creatures
  4 vampires
  3 shadows
  A wraith (D:11)
  71 yaks
  3 golden eyes
  8 wyverns
  3 vampire mosquitoes (D:11)
  A basilisk (Lair:4)
  7 steam dragons
  A large abomination (Swamp:4)
  16 swamp worms
  4 wargs (Orc:1)
  4 hell hounds (Lair:5)
  4 acid dragons
  11 water moccasins
  4 swamp drakes
  2 ice beasts (D:7)
  29 orc warriors
  5 ogres
  3 wolves (Lair:3)
  A boggart (D:10)
  A centaur (D:8)
  A phantom (D:7)
  6 kobold brigands
  14 bullfrogs
  2 gnoll sergeants (D:8)
  A necrophage (D:5)
  A scorpion (D:5)
  9 wights
  6 howler monkeys
  An electric eel (Lair:2)
  5 lava snakes (Lair:5)
  4 hounds
  12 jellies
  12 orc priests
  2 gnoll boudas
  An iguana (D:6)
  19 orc wizards
  A hell rat (D:8)
  9 gnolls
  17 adders
  4 river rats (Sewer)
  A shadow imp (D:6)
  3 worms
  A dart slug (D:1)
  53 orcs
  11 endoplasms
  5 giant cockroaches
  4 goblins
  8 hobgoblins
  6 jackals
  20 kobolds
  8 quokkas
  10 ball pythons
  12 bats
  5 frilled lizards
  8 rats
805 creatures vanquished.

Vanquished Creatures (collateral kills)
  A thorn hunter (Swamp:2)
  A fire dragon (Lair:5)
  2 spriggans (Swamp:2)
4 creatures vanquished.

Vanquished Creatures (others)
  A hydra (Lair:4)
  A bloated husk (Swamp:1)
  An orc priest (D:8)
  An orc wizard (Orc:2)
  An orc (Orc:2)
  A kobold (D:10)
  2 briar patches (Swamp:2)
  52 foxfires
  14 fungi
  33 plants
107 creatures vanquished.

Grand Total: 916 creatures vanquished

Notes
Turn   | Place    | Note
-------+----------+-------------------------------------------
     0 | D:1      | Newt the Demonspawn Gladiator began the quest for the Orb.
     0 | D:1      | Reached XP level 1. HP: 16/16 MP: 1/1
   118 | D:1      | Reached skill level 1 in Stealth
   141 | D:1      | You fall into a shaft and drop 1 floor!
   217 | D:2      | Gained mutation: A meltable shield of frost defends you.
                  | (SH +4) [demonic ancestry]
   217 | D:2      | Reached XP level 2. HP: 6/22 MP: 2/2
   519 | D:1      | Found a faded altar of an unknown god.
   786 | D:1      | Prayed at the altar of an unknown god.
   786 | D:1      | Became a worshipper of Qazlal Stormbringer
   786 | D:1      | Reached * piety under Qazlal
   870 | D:1      | Reached XP level 3. HP: 21/28 MP: 3/3
  1608 | D:2      | Found Kuun's Weapon Emporium.
  1907 | D:3      | Gained mutation: You have a pair of small horns on your
                  | head. [potion of mutation]
  1907 | D:3      | Gained mutation: Your spells are a little easier to cast,
                  | but a little less powerful. [potion of mutation]
  1908 | D:3      | Lost mutation: You have a pair of small horns on your head.
                  | [potion of mutation]
  1908 | D:3      | Lost mutation: Your spells are a little easier to cast, but
                  | a little less powerful. [potion of mutation]
  1908 | D:3      | Gained mutation: Potions are less effective at restoring
                  | your health. [potion of mutation]
  1908 | D:3      | Gained mutation: You expend magic power (3 MP) to
                  | strengthen your wands. [potion of mutation]
  1909 | D:3      | Lost mutation: Potions are less effective at restoring your
                  | health. [potion of mutation]
  1909 | D:3      | Lost mutation: You expend magic power (3 MP) to strengthen
                  | your wands. [potion of mutation]
  1909 | D:3      | Gained mutation: You are robust. (+10% HP) [potion of
                  | mutation]
  1909 | D:3      | Gained mutation: You passively map a small area around you.
                  | [potion of mutation]
  1909 | D:3      | Gained mutation: You are agile. (Dex +4, Str/Int -1)
                  | [potion of mutation]
  1980 | D:3      | Gained mutation: You have a small tail. [demonic ancestry]
  1980 | D:3      | Reached XP level 4. HP: 39/40 MP: 4/4
  2001 | D:3      | Reached ** piety under Qazlal
  2446 | D:4      | Found a basalt altar of Yredelemnul.
  2601 | D:4      | Found a snail-covered altar of Cheibriados.
  2754 | D:4      | Gained mutation: You are partially covered in slimy green
                  | scales. (AC +2) [demonic ancestry]
  2754 | D:4      | Reached XP level 5. HP: 45/46 MP: 5/5
  3198 | D:5      | Entered Level 5 of the Dungeon
  3290 | D:5      | Noticed Grinder
  3309 | D:5      | Killed Grinder
  3310 | D:5      | Gained mutation: You are mostly covered in slimy green
                  | scales. (AC +3) [demonic ancestry]
  3310 | D:5      | Reached XP level 6. HP: 44/52 MP: 6/6
  3320 | D:5      | Found a glowing drain.
  3348 | Sewer    | Entered a sewer
  3503 | Sewer    | Reached *** piety under Qazlal
  3568 | Sewer    | Reached XP level 7. HP: 59/59 MP: 7/7
  4100 | D:5      | Reached skill level 5 in Dodging
  4103 | D:5      | Reached **** piety under Qazlal
  4393 | D:6      | Reached skill level 1 in Evocations
  4679 | D:6      | Reached XP level 8. HP: 47/66 MP: 8/8
  4908 | D:6      | Found a staircase to the Ecumenical Temple.
  5258 | D:6      | Reached skill level 5 in Invocations
  5775 | D:7      | Identified the +3 leather armour "Agoun" {rC+}
  6023 | D:7      | Gained mutation: A meltable icy envelope protects you from
                  | harm. (AC +4) [demonic ancestry]
  6023 | D:7      | Reached XP level 9. HP: 71/71 MP: 12/12
  6050 | D:7      | Found a sacrificial altar of Ru.
  6211 | D:7      | Reached skill level 5 in Maces & Flails
  6347 | D:8      | Noticed a death yak
  6347 | D:8      | Noticed a death yak
  6378 | D:7      | Killed a death yak
  6511 | D:8      | Noticed a death yak
  6683 | D:7      | Killed a death yak
  6684 | D:7      | Reached skill level 5 in Armour
  6696 | D:7      | Killed a death yak
  6697 | D:7      | Gained mutation: Spells you cast may paralyse adjacent
                  | enemies. [demonic ancestry]
  6697 | D:7      | Reached XP level 10. HP: 35/83 MP: 13/13
  7409 | D:8      | Reached ***** piety under Qazlal
  7473 | D:8      | Found a staircase to the Lair.
  7667 | D:8      | Found a hazy altar of Hepliaklqana.
  7799 | Lair:1   | Entered Level 1 of the Lair of Beasts
  8085 | Lair:1   | Reached XP level 11. HP: 83/89 MP: 14/14
  8147 | Lair:1   | Reached skill level 10 in Maces & Flails
  8874 | Lair:2   | Noticed a catoblepas
  8877 | Lair:2   | Noticed a bog body
  8883 | Lair:2   | Killed a catoblepas
  8886 | Lair:2   | Killed a bog body
  8969 | Lair:2   | Identified the +1 scale mail "Voji" {Contam Rampage Drain
                  | Str+8}
  9288 | Lair:2   | Found a radiant altar of Vehumet.
  9377 | Lair:2   | Reached skill level 10 in Fighting
  9377 | Lair:2   | Found a staircase to the Swamp.
  9500 | Lair:2   | Found a hole to the Spider Nest.
  9500 | Lair:2   | Noticed an orb spider
  9515 | Lair:2   | Killed an orb spider
  9899 | Lair:3   | Gained mutation: Spells you cast may paralyse nearby
                  | enemies. [demonic ancestry]
  9899 | Lair:3   | Reached XP level 12. HP: 104/106 MP: 17/19
  9974 | Lair:3   | Reached skill level 10 in Invocations
  9977 | Lair:3   | Noticed a four-headed hydra
 10002 | Lair:3   | Killed a four-headed hydra
 10011 | Lair:3   | Reached skill level 1 in Spellcasting
 10032 | Lair:3   | Reached XP level 13. HP: 113/113 MP: 21/24
 10505 | Lair:4   | Reached skill level 5 in Evocations
 10588 | Lair:4   | Found a staircase to the Slime Pits.
 10588 | Lair:4   | Found a viscous altar of Jiyva.
 10670 | Lair:4   | Reached skill level 1 in Ice Magic
 10696 | Lair:4   | Learned a level 3 spell: Ozocubu's Armour
 10699 | Lair:4   | Learned a level 2 spell: Ensorcelled Hibernation
 10762 | Lair:4   | Reached ****** piety under Qazlal
 11663 | Lair:5   | Entered Level 5 of the Lair of Beasts
 11671 | Lair:5   | Reached skill level 5 in Ice Magic
 11736 | Lair:5   | Gained mutation: You have a tail ending in a sharp stinger.
                  | [demonic ancestry]
 11736 | Lair:5   | Reached XP level 14. HP: 98/121 MP: 25/25
 12116 | Lair:5   | Noticed spardeous's ghost (journeyman FeEE)
 12117 | Lair:5   | Found a bloodstained altar of Trog.
 12320 | Lair:5   | Found a large runed translucent door.
 12541 | Lair:5   | Found a transporter.
 12542 | Lair:5   | Found a transporter.
 12790 | Lair:5   | Found a large runed translucent door.
 13368 | Lair:5   | Killed spardeous's ghost
 13542 | D:9      | Found a bloodstained altar of Trog.
 13910 | D:9      | Found a shimmering blue altar of Sif Muna.
 14222 | D:10     | Entered Level 10 of the Dungeon
 14861 | D:10     | Found a sparkling altar of Nemelex Xobeh.
 15840 | D:11     | Found a staircase to the Orcish Mines.
 16080 | Orc:1    | Entered Level 1 of the Orcish Mines
 16194 | Orc:1    | Gained mutation: You have a sharp stinger which inflicts
                  | weakening toxins. [demonic ancestry]
 16194 | Orc:1    | Reached XP level 15. HP: 123/126 MP: 26/26
 16245 | Orc:1    | Got Hosot's Cyclopedia of Algid Blasting
 16583 | Orc:2    | Entered Level 2 of the Orcish Mines
 16854 | Orc:2    | Found Fedd's Antique Armour Boutique.
 16932 | Orc:2    | Found Vyaguj's General Store.
 17058 | Orc:2    | Found Foray's Antique Weapon Shoppe.
 17118 | Orc:2    | Reached skill level 10 in Armour
 17162 | Orc:2    | Found a staircase to the Elven Halls.
 17285 | Orc:2    | Found Reod's Jewellery Emporium.
 17293 | Orc:2    | Bought the ring "Coess" {rElec rC+ AC+4 Str+2} for 795 gold
                  | pieces
 17655 | Swamp:1  | Entered Level 1 of the Swamp
 17670 | Swamp:1  | Reached skill level 1 in Hexes
 17954 | Swamp:1  | You fall into a shaft and drop 1 floor!
 17980 | Swamp:2  | Noticed a thorn hunter
 18001 | Swamp:2  | Killed a thorn hunter
 18002 | Swamp:2  | Reached skill level 5 in Hexes
 18163 | Swamp:2  | Learned a level 3 spell: Frozen Ramparts
 18168 | Swamp:2  | Learned a level 4 spell: Cause Fear
 19115 | Swamp:3  | Noticed a fenstrider witch
 19119 | Swamp:3  | Killed a fenstrider witch
 19120 | Swamp:3  | Noticed a thorn hunter
 19128 | Swamp:3  | Killed a thorn hunter
 19141 | Swamp:3  | Reached skill level 10 in Evocations
 19144 | Swamp:3  | Gained mutation: Your magical and physical power is
                  | slightly enhanced at high health. [demonic ancestry]
 19144 | Swamp:3  | Reached XP level 16. HP: 59/134 MP: 19/27
 19489 | Swamp:3  | Identified the +1 robe of Idisy {rCorr SInv}
 19583 | Swamp:3  | Noticed Louise
 19597 | Swamp:3  | Killed Louise
 19855 | Swamp:3  | Noticed Roxanne
 19866 | Swamp:3  | Killed Roxanne
 20193 | Swamp:4  | Entered Level 4 of the Swamp
 20195 | Swamp:4  | Noticed Mlioglotl
 20201 | Swamp:4  | Killed Mlioglotl
 20212 | Swamp:4  | Noticed a tentacled monstrosity
 20220 | Swamp:4  | Noticed Bai Suzhen
 20231 | Swamp:4  | Killed a tentacled monstrosity
 20522 | Swamp:4  | Killed Bai Suzhen
 20643 | Swamp:4  | Identified the +2 leather armour of Iriojec {Harm rF+ rN+
                  | Will-}
 21096 | Swamp:4  | Noticed a tentacled monstrosity
 21104 | Swamp:4  | Killed a tentacled monstrosity
 21157 | Swamp:4  | Gained mutation: Your magical and physical power is
                  | enhanced at high health. [demonic ancestry]
 21157 | Swamp:4  | Reached XP level 17. HP: 149/152 MP: 27/29
 21242 | Swamp:4  | Got a decaying rune of Zot
 21508 | Slime:1  | Entered Level 1 of the Pits of Slime
 21588 | Slime:2  | Noticed an acid blob
 21590 | Slime:2  | Noticed an acid blob
 21603 | Slime:1  | Killed an acid blob
 21619 | Slime:1  | Killed an acid blob
 21956 | Slime:1  | Noticed an acid blob
 21995 | Slime:1  | Killed an acid blob
 22524 | Orc:2    | Bought the ring of the Philosopher {rN++ rCorr MP+9 Dex-2}
                  | for 505 gold pieces
 22761 | Slime:3  | Noticed an acid blob
 22761 | Slime:3  | Noticed an acid blob
 22765 | Slime:3  | Noticed an acid blob
 22882 | Slime:3  | Noticed an acid blob
 22899 | Slime:3  | Killed an acid blob
 22900 | Slime:3  | Reached skill level 10 in Spellcasting
 22900 | Slime:3  | Noticed an acid blob
 22966 | Slime:2  | Killed an acid blob
 22968 | Slime:2  | Killed an acid blob
 22972 | Slime:2  | Killed an acid blob
 23260 | Slime:3  | Killed an acid blob
 23400 | Slime:3  | Learned a level 2 spell: Blink
 24351 | Slime:5  | Entered Level 5 of the Pits of Slime
 24354 | Slime:5  | Noticed an acid blob
 24568 | Slime:5  | Noticed an acid blob
 24569 | Slime:5  | Noticed an acid blob
 24569 | Slime:5  | Noticed an acid blob
 24786 | Slime:5  | Noticed an acid blob
 24926 | Slime:5  | Noticed an acid blob
 24927 | Slime:5  | Noticed an acid blob
 24931 | Slime:5  | Noticed an acid blob
 24935 | Slime:5  | Killed an acid blob
 25095 | Slime:5  | Killed an acid blob
 25096 | Slime:5  | Reached skill level 1 in Translocations
 25097 | Slime:5  | Killed an acid blob
 25098 | Slime:5  | HP: 4/152 [quicksilver ooze (5)]
 25099 | Slime:5  | HP: 1/152 [rockslime (28)]
 25099 | Slime:5  | Annihilated by a rockslime

Illustrated notes

Levels and vault maps discovered:
D:1:      matt_arrival_grand_opening, layout_basic,
          ebering_ecumenical_altar_hall, amethyst_killhole
D:2:      layout_loops_ring, serial_shops, nicolae_shop_bloodbath_and_beyond
D:3:      layout_basic
D:4:      layout_basic, yredelemnul_altar_generic, lemuel_tele_altar,
          serial_bayou_ford_a
D:5:      layout_basic, portal_sewer_entry_a, uniq_grinder
D:6:      layout_rooms, general_overflow_altar, minmay_temple_entry_antechambers
D:7:      layout_loops_ring, mainiacjoe_overflow_alcove_1
D:8:      layout_rooms, worldfamousw_hep_ancestral_shrine, dpeg_lair_monsters
D:9:      layout_basic, mainiacjoe_overflow_24_doors, lemuel_crystal_altar,
          lemuel_flamethrower_hall
D:10:     layout_small_grid, mainiacjoe_overflow_six_doors_small,
          minmay_the_grid_2x2 [minmay_the_grid_rooms,
          minmay_the_grid_holed_spiral, minmay_the_grid_spin_star,
          minmay_the_grid_prize_four_corners]
D:11:     kennysheep_six_static_rooms, layout_long_grid
Lair:1:   layout_chaotic_city, serial_forest, infiniplex_forest_straight_4,
          infiniplex_forest_lined_3, infiniplex_forest_lined_room_2,
          infiniplex_forest_join, infiniplex_forest_clump_diagonal
Lair:2:   layout_regular_city, nicolae_swamp_entry_splash_gauntlet,
          nicolae_spider_entry_orb_guardian, basic_altar
Lair:3:   layout_misc_corridors
Lair:4:   layout_layer_cave, minmay_slime_entry_jelly_boxes,
          kennysheep_catoblepas_arena, grunt_megastairs_3
Lair:5:   cheibrodos_lair_end_hotspot, layout_regular_city,
          gammafunk_ghost_wrathful_warriors, bobbens_dragon_lair_wall
Swamp:1:  layout_falls_marsh, evilmike_swamp_ruin_house_5,
          infiniplex_staircase_pool_2
Swamp:2:  layout_falls_marsh, evilmike_swamp_ruin_house_1, swamp_pool1,
          st_swamp_ruins_4
Swamp:3:  nzn_winding_woodlands_cross [nzn_winding_woodlands_5x15_zeroes,
          nzn_winding_woodlands_5x15_crooked,
          nzn_winding_woodlands_5x15_lazy_stream,
          nzn_winding_woodlands_5x15_pool, nzn_winding_woodlands_15x15_killbox],
          layout_falls_marsh, evilmike_swamp_ruin_house_3, swamp_pool1,
          ldierk_geyser, uniq_roxanne, uniq_louise
Swamp:4:  swamp_vile, layout_basic_swamp, swamp_pool1,
          nicolae_swamp_baby_hydras, uniq_mlioglotl, uniq_bai_suzhen
Slime:1:  layout_caves
Slime:2:  layout_caves
Slime:3:  layout_caves
Slime:4:  layout_caves, cheibrodos_slime_lost_civilization_4
Slime:5
Orc:1:    layout_caves, basic_altar, nooodl_orcs_dogs
Orc:2:    grunt_orc_gardens, layout_caves, grunt_orc_garden, grunt_orc_garden,
          grunt_orc_garden, grunt_orc_garden

Skill      XL: |  1  2  3  4  5  6  7  8  9 10 11 12 13 14 15 16 17 |
---------------+----------------------------------------------------+-----
Stealth        | 1 2 |  2.0
Fighting       | 3 4 6 10 14 | 14.0
Short Blades   | 3 4 |  4.0
Dodging        | 4 6 |  6.0
Throwing       | 3 4 |  4.0
Evocations     | 2 4 6 10 12 | 12.0
Invocations    | 5 9 12 | 12.0
Maces & Flails | 4 5 9 10 14 | 14.0
Armour         | 6 7 10 | 10.0
Spellcasting   | 7 8 12 | 12.0
Ice Magic      | 7 |  7.0
Hexes          | 6 |  6.0
Translocations | 2 |  2.5

Action                   |  1- 3 |  4- 6 |  7- 9 | 10-12 | 13-15 | 16-18 || total
-------------------------+-------+-------+-------+-------+-------+-------++-------
Melee: Hand axe          |    31 |       |       |       |       |       ||    31
       Rapier            |    49 |       |       |       |       |       ||    49
       Dagger            |    73 |   194 |   199 |       |       |       ||   466
       Punch             |     1 |     2 |     6 |     2 |       |       ||    11
       Tailslap          |       |    17 |    63 |    51 |   180 |   132 ||   443
       Flail             |       |       |   131 |    45 |       |       ||   176
       Dire flail        |       |       |    14 |   170 |   872 |   617 ||  1673
       Morningstar       |       |       |       |    56 |       |       ||    56
Throw: Throwing net      |     1 |     1 |     2 |       |       |       ||     4
       Dart              |       |       |     4 |       |       |       ||     4
       Javelin           |       |       |       |       |       |     5 ||     5
 Cast: Ozocubu's Armour  |       |       |       |       |    10 |     9 ||    19
       Ensorcelled Hiber |       |       |       |       |     4 |       ||     4
       Frozen Ramparts   |       |       |       |       |     2 |     1 ||     3
       Cause Fear        |       |       |       |       |     1 |       ||     1
       Blink             |       |       |       |       |       |     1 ||     1
Invok: Disaster Area     |       |       |       |       |     1 |     3 ||     4
       Elemental Force   |       |       |       |       |     1 |     1 ||     2
Evoke: Tin of tremorston |       |       |       |       |     1 |     1 ||     2
       Phantom mirror    |       |       |       |       |     3 |     1 ||     4
       Wand              |       |       |       |       |       |     1 ||     1
  Use: Scroll            |     4 |     6 |    10 |     6 |    12 |     2 ||    40
       Potion            |     3 |       |     2 |     1 |     3 |     3 ||    12
 Stab: Held in net/web   |     1 |       |     1 |       |       |       ||     2
       Distracted        |       |       |       |     4 |    21 |     9 ||    34
       Paralysed         |       |       |       |       |    12 |     1 ||    13
       Petrified         |       |       |       |       |     3 |       ||     3
Armor: Leather armour    |    15 |    23 |    38 |       |       |       ||    76
       Steam dragon scal |       |       |     6 |    52 |    71 |       ||   129
       Fire dragon scale |       |       |       |       |   184 |   153 ||   337
       Swamp dragon scal |       |       |       |       |    40 |   154 ||   194
Dodge: Dodged            |    94 |   123 |   232 |   187 |   406 |   271 ||  1313
       Repelled          |       |       |       |     2 |    16 |    20 ||    38
Block: Other             |    19 |    68 |   157 |   144 |   384 |   277 ||  1049

Table legend: (Time is in decaauts)
 A = Elapsed time spent in this place.
 B = Non-inter-level travel time spent in this place.
 C = Inter-level travel time spent in this place.
 D = Time resting spent in this place.
 E = Time spent auto-exploring this place.
 F = Levels seen in this place.
 G = Mean time per level.
                   A        B        C        D        E       F      G
               +--------+--------+--------+--------+--------+-----+--------+
         Total |  25041 |  23279 |   1762 |   4702 |  14126 |  28 |  894.3 |
       Dungeon |   9991 |   9354 |    637 |   1696 |   6007 |  11 |  908.3 |
          Lair |   5912 |   5204 |    708 |    462 |   3820 |   5 | 1182.4 |
         Swamp |   3867 |   3738 |    129 |    856 |   1874 |   4 |  966.8 |
    Slime Pits |   3083 |   2960 |    123 |   1624 |    926 |   5 |  616.6 |
  Orcish Mines |   1438 |   1274 |    164 |     64 |    998 |   2 |  719.0 |
         Sewer |    747 |    747 |      0 |      0 |    499 |   1 |  747.0 |
               +--------+--------+--------+--------+--------+-----+--------+

Top non-repeatable levels by time:
     D:7: 1720 daAuts
  Lair:5: 1713 daAuts
 Swamp:3: 1605 daAuts
  Lair:4: 1269 daAuts
     D:6: 1160 daAuts
  Lair:2: 1142 daAuts
  Lair:1: 1089 daAuts
 Slime:4: 1072 daAuts
 Swamp:4: 1062 daAuts
    D:11: 994 daAuts
     D:9: 942 daAuts
     D:1: 932 daAuts
     D:2: 878 daAuts
   Orc:2: 873 daAuts
 Swamp:2: 869 daAuts
